 Dungeon Crawl Stone Soup version 0.28.0 (webtiles) character file.

Game seed: 3523608337914248273

28 Hasart the Covered (level 2, -2/25 HPs)
             Began as a Demigod Fighter on Feb 16, 2022.
             Slain by an adder (3 damage)
             ... on level 3 of the Dungeon.
             The game lasted 00:02:29 (993 turns).

Hasart the Covered (Demigod Fighter)                 Turns: 993, Time: 00:02:30

Health: -2/25      AC:  6    Str: 17    XL:     2   Next: 78%
Magic:  4/4        EV:  9    Int: 10    God:
Gold:   67         SH:  4    Dex: 13    Spells: 1/1 levels left

rFire   . . .      SeeInvis .   a - +0 war axe
rCold   . . .      Faith    .   c - +0 buckler
rNeg    . . .      Spirit   .   b - +0 scale mail
rPois   .          Reflect  .   (no helmet)
rElec   .          Harm     .   (no cloak)
rCorr   .          Rampage  .   (no gloves)
Will    .....                   (no boots)
Stlth   ..........              (no amulet)
HPRegen 0.08/turn               (no ring)
MPRegen 0.09/turn               (no ring)

@: no status effects
A: high MP 1, forlorn, divine attributes
a: no special abilities


You were on level 3 of the Dungeon.
You visited 1 branch of the dungeon, and saw 4 of its levels.

You collected 67 gold pieces.

Inventory:

Hand Weapons
 a - a +0 war axe (weapon)
Missiles
 g - 3 silver javelins (quivered)
 l - a throwing net
Armour
 b - a +0 scale mail (worn)
 c - a +0 buckler (worn)
Scrolls
 i - 2 scrolls of teleportation {unknown}
 j - 3 scrolls of identify {unknown}
Potions
 d - 2 potions of might
 e - a potion of berserk rage {unknown}
 f - a potion of curing {unknown}
 h - a potion of heal wounds {unknown}
 k - a potion of cancellation {unknown}


   Skills:
 + Level 2.8 Fighting
 * Level 2.3 Axes
 + Level 0.4 Throwing
 + Level 2.9 Armour
 + Level 0.5 Dodging
 + Level 2.8 Shields


You had one spell level left.
You didn't know any spells.
Your spell library was empty.

Dungeon Overview and Level Annotations

Branches:
Dungeon (4/15)
 Temple: D:4-7


Innate Abilities, Weirdness & Mutations

You have an increased reservoir of magic. (+10% MP)
You shall have no god before yourself.
Your divine heritage dramatically boosts your attributes as you level up.


Message History

The adder bites you. The adder barely misses you.
You are too injured to fight recklessly!
You are too injured to fight recklessly!
You are too injured to fight recklessly!
You are too injured to fight recklessly!
You are too injured to fight recklessly!
You are too injured to fight recklessly!
You are too injured to fight recklessly!
You are too injured to fight recklessly!
You are too injured to fight recklessly!
You are too injured to fight recklessly!
You are too injured to fight recklessly!
You are too injured to fight recklessly!
You closely miss the adder.
The adder is lightly wounded.
You feel sick. The adder bites you. x2
* * * LOW HITPOINT WARNING * * *
You barely miss the adder.
The adder is lightly wounded.
You feel sick. The adder barely misses you.
Unknown command.
You miss the adder.
The adder is lightly wounded.
* * * LOW HITPOINT WARNING * * *
You feel sick. The adder barely misses you.
The adder bites you but does no damage.
Unknown command.
You miss the adder.
The adder is lightly wounded.
You feel sick. The adder closely misses you.
The adder bites you but does no damage.
Unknown command.
You barely miss the adder.
The adder is lightly wounded.
You feel sick.
You are no longer poisoned.
The adder bites you.
* * * LOW HITPOINT WARNING * * *
The adder bites you.
You die...

#...........#
#...........#
#...........#
#...........#
#...........#
#............
#....S.....#
#...@.#
####.....######
...............
.....##........
..... #........
.../ #........
... #........
$.. #........
#........


You could see an adder.

Vanquished Creatures
  5 ball pythons
  5 endoplasms
  2 giant cockroaches (D:1)
  A goblin (D:1)
  A hobgoblin (D:1)
  4 jackals (D:1)
  2 quokkas
  A bat (D:1)
  2 rats (D:1)
23 creatures vanquished.

Notes
Turn   | Place    | Note
-------+----------+-------------------------------------------
     0 | D:1      | Hasart the Demigod Fighter began the quest for the Orb.
     0 | D:1      | Reached XP level 1. HP: 18/18 MP: 3/3
   317 | D:1      | Reached XP level 2. HP: 25/25 MP: 4/4
   915 | D:2      | You fall into a shaft and drop 2 floors!
   993 | D:3      | HP: 1/25 [adder (1)]
   993 | D:3      | Slain by an adder

Illustrated notes

Levels and vault maps discovered:
D:1:      eino_arrival_tree_alley, layout_loops_ring,
          hellmonk_ecumenical_altar_lost_god
D:2:      layout_loops_cross, basic_altar
D:3:      layout_basic, fedhas_altar_3
D:4:      layout_loops_cross, serial_shops, shop, nicolae_shop_statue_plus,
          kennysheep_small_circle, uniq_blork_the_orc, uniq_eustachio

Skill      XL: |  1 |
---------------+----+-----
Axes           | 2 |  2.3
Fighting       | |  2.8
Throwing       | |  0.4
Armour         | |  2.9
Dodging        | |  0.5
Shields        | |  2.8

Action                   || total
-------------------------++-------
Melee: War axe           ||    76
Armor: Scale mail        ||    34
Dodge: Dodged            ||    43
Block: Buckler           ||    18
